 Dungeon Crawl Stone Soup version 0.27-a0-965-gbf8bb431c4 (webtiles) character file.

Game seed: 15011711113508077920

191866 leviel the Warrior (level 17, -7/166 HPs)
             Began as a Minotaur Fighter on Apr 12, 2021.
             Was the Champion of Okawaru.
             Blown up by a lich (42 damage)
             ... with a wavering orb of destruction
             ... on level 13 of the Dungeon on Apr 13, 2021.
             The game lasted 01:22:30 (34826 turns).

leviel the Warrior (Minotaur Fighter)              Turns: 34826, Time: 01:22:31

Health: -7/166     AC: 34    Str: 35    XL:     17   Next: 59%
Magic:  16/16      EV: 17    Int:  5    God:    Okawaru [******]
Gold:   2651       SH:  0    Dex: 14    Spells: 16/16 levels left

rFire    . . .     SeeInvis +   e - +9 broad axe (freeze)
rCold    . . .     Faith    .   a - +2 tower shield
rNeg     + . .     Spirit   .   O - +13 plate armour of Insatiable Hunger {rN+ Str+5 SInv Stlth-}
rPois    .         Reflect  +   (helmet restricted)
rElec    .         Harm     .   i - +1 cloak
rCorr    .         Rampage  .   g - +0 pair of gloves
Will     ++...                  G - +0 pair of boots
Stlth    ..........             r - amulet of reflection
HPRegen  0.37/turn              p - +6 ring of strength
MPRegen  0.15/turn              o - ring of the Enemy {Will+ EV+4}

@: confused, ambrosia-drunk, slowed, studying Throwing, very slow
A: horns 2, retaliatory headbutt
}: 1/15 runes: decaying
a: Renounce Religion, Heroism, Finesse


You were on level 13 of the Dungeon.
You worshipped Okawaru.
Okawaru was exalted by your worship.
You visited 6 branches of the dungeon, and saw 27 of its levels.
You also visited: Ossuary.

You collected 3118 gold pieces.
You spent 467 gold pieces at shops.

Inventory:

Hand Weapons
 e - a +9 broad axe of freezing (weapon)
 l - a +1 broad axe of flaming
Missiles
 E - 8 javelins (quivered)
 N - 7 curare-tipped darts
Armour
 a - a +2 tower shield (worn)
 g - a +0 pair of gloves (worn)
 i - a +1 cloak (worn)
 C - a +4 plate armour of fire resistance
 G - a +0 pair of boots (worn)
 O - the +13 plate armour of Insatiable Hunger (worn) {rN+ Str+5 SInv Stlth-}
   (You found it on level 2 of the Lair of Beasts)

   It affects your strength (+5).
   It protects you from negative energy.
   It lets you see invisible.
   It makes you less stealthy.
Jewellery
 c - a ring of flight
 d - a ring of positive energy
 o - the ring of the Enemy (right hand) {Will+ EV+4}
   (You took it off a centaur warrior on level 13 of the Dungeon)

   [ring of evasion]

   It affects your evasion (+4).
   It increases your willpower.
 p - a +6 ring of strength (left hand)
 r - an amulet of reflection (around neck)
 u - a +4 ring of evasion
 x - a +6 ring of intelligence
 A - the amulet of Evir {Faith -Tele rPois Str+4 Slay+5}
   (You found it on level 9 of the Dungeon)

   [amulet of faith]

   It allows you to gain divine favour quickly.
   It affects your strength (+4).
   It affects your accuracy and damage with ranged weapons and melee attacks
   (+5).
   It protects you from poison.
   It prevents most forms of teleportation.
 L - a ring of see invisible
Wands
 m - a wand of flame (47)
 q - a wand of digging (15)
 M - a wand of iceblast (19)
 Q - a wand of polymorph (11)
 T - a wand of paralysis (22)
Scrolls
 h - 13 scrolls of teleportation
 s - 6 scrolls of amnesia
 t - 5 scrolls of enchant weapon
 v - 2 scrolls of fog
 y - a scroll of fear
 B - 12 scrolls of identify
 F - 2 scrolls of magic mapping
 I - a scroll of immolation {unknown}
 P - a scroll of blinking
 U - a scroll of holy word
 V - 3 scrolls of enchant armour
 Y - a scroll of summoning
Potions
 f - 3 potions of cancellation
 j - 7 potions of curing
 k - 7 potions of brilliance
 n - 4 potions of berserk rage
 w - 5 potions of flight
 z - 4 potions of invisibility
 D - 4 potions of haste
 J - 8 potions of ambrosia
Miscellaneous
 H - a phial of floods


   Skills:
 + Level 18.3 Fighting
 - Level 18.0 Axes
 - Level 10.1 Throwing
 - Level 12.5 Armour
 - Level 15.3 Dodging
 - Level 2.2 Stealth
 - Level 14.8 Shields


You had 16 spell levels left.
You didn't know any spells.
Your spell library contained the following spells:

 Spells                   Type           Power      Damage    Failure   Level
 Apportation              Tloc           0%         N/A       100%        1
 Corona                   Hex            0%         N/A       100%        1
 Blink                    Tloc           N/A        N/A       100%        2
 Slow                     Hex            0%         N/A       100%        2
 Gell's Gravitas          Tloc           0%         N/A       100%        3
 Inner Flame              Hex/Fire       0%         N/A       100%        3
 Lesser Beckoning         Tloc           0%         N/A       100%        3
 Portal Projectile        Hex/Tloc       0%         N/A       100%        3
 Static Discharge         Conj/Air       0%         N/A       100%        3
 Teleport Other           Tloc           0%         N/A       100%        3
 Tukima's Dance           Hex            0%         N/A       100%        3
 Animate Dead             Necr           0%         N/A       100%        4
 Cause Fear               Hex            0%         N/A       100%        4
 Leda's Liquefaction      Hex/Erth       0%         N/A       100%        4
 Alistair's Intoxication  Tmut/Pois      0%         N/A       100%        5
 Borgnjor's Vile Clutch   Necr/Erth      0%         N/A       100%        5
 Irradiate                Conj/Tmut      0%         3d13      100%        5
 Lightning Bolt           Conj/Air       0%         1d11      100%        5
 Manifold Assault         Tloc           0%         N/A       100%        5
 Summon Forest            Summ/Tloc      0%         N/A       100%        5
 Summon Mana Viper        Hex/Summ       0%         N/A       100%        5
 Blade Hands              Tmut           0%         N/A       100%        6
 Death Channel            Necr           0%         N/A       100%        6
 Invisibility             Hex            0%         N/A       100%        6
 Shadow Creatures         Summ           N/A        N/A       100%        6
 Simulacrum               Ice/Necr       0%         N/A       100%        6
 Statue Form              Tmut/Erth      0%         N/A       100%        6
 Dragon Form              Tmut           0%         N/A       100%        7
 Summon Hydra             Summ           0%         N/A       100%        7
 Ignition                 Fire           0%         3d3       100%        8
 Shatter                  Erth           0%         3d5*      100%        9
 Tornado                  Air            0%         N/A       100%        9


Dungeon Overview and Level Annotations

Branches:
Dungeon (13/15)            Temple (1/1) D:6            Lair (6/6) D:10
  Swamp (4/4) Lair:2        Snake (0/4) Lair:3        Slime (0/5) Lair:6
    Orc (2/2) D:9             Elf (0/3) Orc:2        Vaults (1/5) D:13
Ossuary (visited)

Altars:
Ashenzari
Cheibriados
Dithmenos
Elyvilon
Fedhas
Gozag
Hepliaklqana
Kikubaaqudgha
Makhleb
Nemelex Xobeh
Okawaru
Qazlal
Ru
Sif Muna
Trog
Uskayaw
Vehumet
Wu Jian
Xom
Yredelemnul
Zin
The Shining One
Beogh

Shops:
Orc:2 !?:[

Portals:
Hell: Lair:6

Annotations:
D:13 exclusion: obsidian statue


Innate Abilities, Weirdness & Mutations

You have a pair of horns on your head.
You reflexively headbutt those who attack you in melee.


Message History

You block the lich's attack.
The lich conjures a glowing orb.
An orb of destruction comes into view.
The lich points at you and mumbles some strange words.
The bolt of cold hits you!
The vault sentinel blows a loud note on a signal horn!
An ironbound frostheart comes into view.
There is a gate leading back out of this place here.
The lich gestures at you while chanting.
The bolt of cold hits you!!!
* * * LOW HITPOINT WARNING * * *
The orb of destruction hits a stone wall.
The vault sentinel points at you and mumbles some strange words.
You barely resist.
The vault warden activates a sealing rune.
A door slams shut!
The lich gestures at itself while chanting.
The lich flickers and vanishes for a moment.
You go up through the gate.
Welcome back to the Dungeon!
Level annotation: exclusion: obsidian statue
There is a gate to the Vaults here.
You are confused.
You feel invigorated.
The lich touches you but does no damage.
The lich barely misses you.
You're too confused to aim your attacks!
You're too confused to aim your attacks!
You're too confused to aim your attacks!
You're too confused to attack without stumbling around!
You're too confused to aim your attacks!
You're too confused to aim your attacks!
You're too confused to aim your attacks!
You're too confused to aim your attacks!
You are too injured to fight recklessly!
You are too injured to fight recklessly!
You are too injured to fight recklessly!
You are too injured to fight recklessly!
The lich launches a ball of destructive magic.
The wavering orb of destruction weakly hits you!!!
You die...

..# #.#........#....####### ..#
#.#........#....#...... ..#
#.#........#....#...... ..#
#.#........#....'...... ..#
#.###......#....#######
..#########...'...####........)..
..............#...#..............
....###############...........>..
....##.#.#.#.#.#@##..............
..###(#.#(#.#.#L###..............
..#.##.#.#)#[#[#.##..............
..#.#.#.#[#.#.#.###..............
..#.##.#.#)#.#.#.##......####....
'##.#.#.#.#.#.#.###......#..#....
....##.#.#.#.#.#.#.....###..'....
....#.#.#.#.#.#.##.....#....#....
.....#############.....#....#....


You could see a lich (fast, invisible).

Vanquished Creatures
  the Lernaean hydra (Swamp:4)
  Frances (D:12)
  A thorn hunter (Swamp:4)
  Roxanne (Swamp:3)
  2 fenstrider witches
  A ghost moth (shapeshifter) (D:9)
  A vault warden (Vaults:1)
  Louise (Swamp:4)
  A ghoul (Swamp:3)
  A stone giant (Orc:1)
  2 ironbound preservers (Vaults:1)
  Nessos (Orc:2)
  5 eleionomae
  5 bunyips
  Snorg (Lair:3)
  The ghost of Orlauf the Carver, a journeyman DsGl of Uskayaw (Lair:4)
  A great orb of eyes (D:13)
  A yaktaur captain (Vaults:1)
  5 boulder beetles
  23 hydras
  A vault guard (D:13)
  9 centaur warriors
  2 catoblepae
  2 ironbound frosthearts (Vaults:1)
  A death knight (D:13)
  2 ghost crabs
  10 alligators
  7 death yaks
  2 two-headed ogres
  2 orc high priests (Orc:1)
  An ironbound beastmaster (Vaults:1)
  A spriggan berserker (Lair:4)
  Nergalle (Lair:3)
  A sixfirhy (Lair:6)
  Sonja (Orc:2)
  A fire crab (Lair:2)
  5 skeletal warriors
  4 goliath frogs
  4 bog bodies
  5 deep trolls (Vaults:1)
  11 orc knights
  13 swamp dragons
  A spriggan druid (Swamp:1)
  An ironbound convoker (Vaults:1)
  2 deep elf pyromancers (D:12)
  A wizard (Lair:6)
  A wolf spider (D:9)
  2 orc sorcerers
  A manticore (D:11)
  7 elephants
  5 oklob plants
  3 ugly things (D:12)
  4 cyclopes
  3 will-o-the-wisps
  A moth of wrath (Lair:4)
  2 vault sentinels (Vaults:1)
  2 water nymphs (Swamp:1)
  4 orange demons (Lair:6)
  10 black mambas
  4 torpor snails
  A smoke demon (Lair:6)
  A gargoyle (D:11)
  13 cane toads
  3 freezing wraiths
  18 komodo dragons
  2 ice devils (Lair:6)
  5 rime drakes
  A polar bear (Lair:6)
  7 tyrant leeches
  A bloated husk (Swamp:1)
  6 meliai
  A queen bee (D:12)
  5 trolls
  10 slime creatures
  7 hornets
  A meliai zombie (D:11)
  9 blink frogs (Lair:5)
  12 spriggans
  Sigmund (D:6)
  2 shadows
  3 wraiths
  2 wyverns
  40 yaks
  Eustachio (D:6)
  4 basilisks
  3 steam dragons
  14 vampire mosquitoes
  Menkaure (D:6)
  7 wargs (Orc:2)
  14 swamp worms
  4 nagas (Lair:3)
  An acid dragon (D:12)
  3 hell hounds (Lair:6)
  21 water moccasins
  Duvessa (D:5)
  8 swamp drakes (Swamp:4)
  31 orc warriors
  3 ice beasts
  A black bear (Lair:1)
  2 necrophages
  4 ogres
  24 wolves
  18 centaurs
  12 bullfrogs
  A kobold brigand (D:6)
  A wyvern zombie (D:8)
  2 water moccasin zombies (Ossuary)
  Dowan (D:5)
  20 killer bees (D:12)
  22 wights
  A vampire bat (D:10)
  2 electric eels
  3 howler monkeys
  4 centaur zombies
  2 hounds
  13 orc priests
  A centaur skeleton (D:7)
  3 jellies
  Crazy Yiuf (D:3)
  A gnoll shaman (D:9)
  3 iron imps (D:7)
  Ijyb (D:4)
  3 iguanas
  13 orc wizards
  13 hell rats
  A hound zombie (D:3)
  3 mummies
  4 howler monkey zombies
  Robin (D:2)
  14 gnolls
  8 river rats
  9 adders
  A white imp (D:8)
  An ufetubus (D:6)
  6 adder zombies
  A worm (D:4)
  3 dart slugs
  The ghost of CurlyBrace the Vexing, a weakling FeEn (D:5)
  76 orcs
  4 endoplasms
  3 giant cockroaches
  3 gnoll zombies (Ossuary)
  15 goblins
  10 hobgoblins
  7 jackals
  4 quokkas
  3 ball pythons
  12 bats
  7 frilled lizards
  5 hobgoblin zombies (Ossuary)
  9 kobolds
  4 kobold zombies (Ossuary)
  4 orc zombies (Ossuary)
  7 rats
  6 briar patches (Swamp:4)
867 creatures vanquished.

Vanquished Creatures (collateral kills)
  2 orc warriors (Orc:1)
2 creatures vanquished.

Vanquished Creatures (others)
  A bloated husk (Swamp:1)
  4 foxfires (Swamp:4)
  16 fungi
  42 plants
63 creatures vanquished.

Grand Total: 932 creatures vanquished

Notes
Turn   | Place    | Note
-------+----------+-------------------------------------------
     0 | D:1      | leviel the Minotaur Fighter began the quest for the Orb.
     0 | D:1      | Reached XP level 1. HP: 19/19 MP: 0/0
   152 | D:1      | Reached XP level 2. HP: 26/27 MP: 1/1
  1215 | D:2      | Reached XP level 3. HP: 24/33 MP: 2/2
  1537 | D:2      | Noticed Robin
  1551 | D:2      | Reached XP level 4. HP: 27/40 MP: 3/3
  1556 | D:2      | Killed Robin
  1557 | D:2      | Reached skill level 1 in Dodging
  1820 | D:2      | Found an ancient bone altar of Kikubaaqudgha.
  2048 | D:3      | Reached XP level 5. HP: 26/46 MP: 4/4
  2639 | D:3      | Reached skill level 5 in Shields
  2991 | D:3      | Found a runed translucent door.
  2992 | D:3      | Noticed Crazy Yiuf
  3220 | D:3      | Killed Crazy Yiuf
  3221 | D:3      | Reached XP level 6. HP: 42/53 MP: 5/5
  3713 | D:4      | Reached skill level 5 in Axes
  3713 | D:4      | Reached skill level 5 in Armour
  4056 | D:4      | Noticed an ice beast
  4068 | D:4      | Killed an ice beast
  4126 | D:4      | Noticed Ijyb
  4133 | D:4      | Reached skill level 5 in Fighting
  4133 | D:4      | Reached XP level 7. HP: 53/61 MP: 6/6
  4142 | D:4      | Killed Ijyb
  4329 | D:5      | Entered Level 5 of the Dungeon
  4329 | D:5      | Found a shimmering altar of Xom.
  4329 | D:5      | Noticed an angel
  4421 | D:5      | Found a glowing silver altar of Zin.
  4553 | D:5      | Noticed Dowan
  4554 | D:5      | Noticed Duvessa
  4565 | D:5      | Killed Dowan
  4567 | D:5      | Killed Duvessa
  4757 | D:5      | Found a runed translucent door.
  4864 | D:5      | Found an ancient bone altar of Kikubaaqudgha.
  4920 | D:5      | Found a stormy altar of Qazlal.
  4920 | D:5      | Found a hide-covered altar of Uskayaw.
  5017 | D:5      | Found a runed translucent door.
  5020 | D:5      | Noticed CurlyBrace's ghost (weakling FeEn)
  5074 | D:5      | Killed CurlyBrace's ghost
  5436 | D:5      | Reached XP level 8. HP: 46/70 MP: 7/7
  5738 | D:5      | Identified the +0 short sword of Oozing Pus {drain, rF+ rC-
                  | Int+6}
  5919 | D:6      | Found a staircase to the Ecumenical Temple.
  6005 | Temple   | Entered the Ecumenical Temple
  6217 | D:6      | Noticed Sigmund
  6226 | D:6      | Killed Sigmund
  6227 | D:6      | Reached skill level 1 in Throwing
  6603 | D:6      | Noticed Eustachio
  6636 | D:6      | Killed Eustachio
  6637 | D:6      | Reached XP level 9. HP: 78/78 MP: 8/8
  6750 | D:6      | Noticed Menkaure
  6756 | D:6      | Killed Menkaure
  7393 | D:7      | Reached skill level 1 in Stealth
  8180 | D:7      | Identified 2 scrolls of acquirement
  8180 | D:7      | Acquired a +5 broad axe of freezing
  8183 | D:7      | Acquired an amulet of reflection
  8199 | D:7      | Found a burning altar of Makhleb.
  8701 | D:8      | Reached skill level 10 in Axes
  8866 | D:8      | Reached XP level 10. HP: 66/86 MP: 9/9
  8960 | D:8      | Found a sand-covered staircase.
  8970 | Ossuary  | Entered an ossuary
  9510 | D:9      | Noticed a two-headed ogre
  9515 | D:9      | Killed a two-headed ogre
  9843 | D:9      | Noticed an orc knight
  9844 | D:9      | Found a runed translucent door.
  9846 | D:9      | Noticed a centaur warrior
  9846 | D:9      | Noticed a wolf spider
  9846 | D:9      | Noticed a centaur warrior
  9846 | D:9      | Noticed an orc sorcerer
  9983 | D:9      | Reached skill level 5 in Dodging
 10038 | D:9      | Found a staircase to the Orcish Mines.
 10605 | D:9      | Noticed a death drake
 10637 | D:10     | Entered Level 10 of the Dungeon
 10637 | D:10     | Noticed a death yak
 10639 | D:10     | Found a staircase to the Lair.
 10641 | D:10     | Noticed a death yak
 10644 | D:10     | Killed a death yak
 10650 | D:10     | Noticed a death yak
 10656 | D:10     | Killed a death yak
 10657 | D:10     | Reached XP level 11. HP: 68/95 MP: 10/10
 10663 | D:10     | Killed a death yak
 10667 | D:10     | Reached skill level 10 in Shields
 10959 | D:10     | Found a snail-covered altar of Cheibriados.
 11102 | D:10     | Found a blossoming altar of Fedhas.
 11142 | D:10     | Found a white marble altar of Elyvilon.
 11263 | D:10     | Found an iron altar of Okawaru.
 11272 | D:10     | Became a worshipper of Warmaster Okawaru
 11693 | D:11     | Reached * piety under Okawaru
 12498 | D:11     | Reached ** piety under Okawaru
 12791 | Orc:1    | Entered Level 1 of the Orcish Mines
 12901 | Orc:2    | Entered Level 2 of the Orcish Mines
 12930 | Orc:2    | Noticed Sonja
 12939 | Orc:2    | Killed Sonja
 13024 | Orc:2    | Noticed an orc knight
 13033 | Orc:2    | Killed an orc knight
 13047 | Orc:2    | Noticed Nessos
 13061 | Orc:2    | Killed Nessos
 13061 | Orc:2    | Reached *** piety under Okawaru
 13198 | Orc:2    | Found a staircase to the Elven Halls.
 13212 | Orc:2    | Reached XP level 12. HP: 104/104 MP: 11/11
 13455 | Orc:2    | Reached skill level 10 in Armour
 13468 | Orc:2    | Reached **** piety under Okawaru
 13604 | Orc:2    | Reached skill level 15 in Axes
 13806 | Orc:2    | Found Fujejim's Magic Scroll Shop.
 13983 | Orc:2    | Bought a scroll of summoning for 123 gold pieces
 13983 | Orc:2    | Bought a scroll of torment for 97 gold pieces
 13983 | Orc:2    | Bought a scroll of blinking for 97 gold pieces
 14050 | Orc:2    | Reached skill level 10 in Fighting
 14050 | Orc:2    | Reached skill level 5 in Throwing
 14050 | Orc:2    | Reached XP level 13. HP: 113/113 MP: 12/12
 14264 | Orc:2    | Found Okkeass's Book Emporium.
 14264 | Orc:2    | Found Latez's Armour Shop.
 14479 | Orc:2    | Found Axzoblun's Distillery.
 14695 | Orc:2    | Bought a potion of heal wounds for 75 gold pieces
 14695 | Orc:2    | Bought a potion of heal wounds for 75 gold pieces
 14893 | Orc:1    | Reached ***** piety under Okawaru
 14943 | Orc:1    | Found a transporter.
 15102 | Orc:1    | Noticed a stone giant
 15106 | Orc:1    | Found a transporter.
 15286 | Orc:1    | Killed a stone giant
 15290 | Orc:1    | Received a gift from Okawaru
 15547 | Orc:1    | Identified the -3 pair of gloves of the Blessed Realm
                  | {Will+}
 15841 | Lair:1   | Entered Level 1 of the Lair of Beasts
 15961 | Lair:1   | Received a gift from Okawaru
 17675 | Lair:2   | Identified the +0 halberd of True Grit {elec, Dex+2}
                  | (Okawaru gifted it to you on level 2 of the Lair of Beasts)
 17675 | Lair:2   | Received a gift from Okawaru
 17728 | Lair:2   | Reached XP level 14. HP: 113/124 MP: 13/13
 18220 | Lair:2   | Identified the +13 plate armour of Insatiable Hunger {rN+
                  | Str+5 SInv Stlth-}
 18579 | Lair:2   | Found a staircase to the Swamp.
 18657 | Swamp:1  | Entered Level 1 of the Swamp
 18677 | Swamp:1  | Received a gift from Okawaru
 19161 | Lair:3   | Noticed Snorg
 19169 | Lair:3   | Killed Snorg
 19216 | Lair:3   | Noticed Nergalle
 19238 | Lair:3   | Killed Nergalle
 19274 | Lair:3   | Found a staircase to the Snake Pit.
 19680 | Lair:3   | Identified the +3 hunting sling of the Five Persimmons
                  | {vorpal, Will+ Int+3 Dex+4}
 20139 | Lair:4   | Received a gift from Okawaru
 20144 | Lair:4   | Reached ****** piety under Okawaru
 20345 | Lair:4   | Received a gift from Okawaru
 20381 | Lair:4   | Found a transporter.
 20389 | Lair:4   | Found a transporter.
 20392 | Lair:4   | Noticed Orlauf's ghost (journeyman DsGl)
 20412 | Lair:4   | Found a bloodstained altar of Trog.
 20487 | Lair:4   | Received a gift from Okawaru
 20505 | Lair:4   | Killed Orlauf's ghost
 20506 | Lair:4   | Reached XP level 15. HP: 134/134 MP: 14/14
 20794 | Lair:4   | Identified the +0 cloak of Otabo {rPois Will+++ rCorr}
                  | (Okawaru gifted it to you on level 4 of the Lair of Beasts)
 20794 | Lair:4   | Received a gift from Okawaru
 22124 | Lair:6   | Entered Level 6 of the Lair of Beasts
 22884 | Lair:6   | Found a burning altar of Makhleb.
 22900 | Lair:6   | Reached skill level 10 in Dodging
 23052 | Lair:6   | Received a gift from Okawaru
 23444 | Lair:6   | Found a gateway to Hell.
 23561 | Lair:6   | Found a staircase to the Slime Pits.
 24029 | D:12     | Noticed Frances
 24185 | D:12     | Killed Frances
 25589 | D:13     | Reached XP level 16. HP: 61/144 MP: 15/15
 25764 | D:13     | Identified the ring of the Enemy {Will+ EV+4}
 26404 | D:13     | Received a gift from Okawaru
 26455 | D:13     | Found a gate to the Vaults.
 27272 | Swamp:1  | Reached skill level 15 in Dodging
 28739 | D:9      | Identified the amulet of Evir {Faith -Tele rPois Str+4
                  | Slay+5}
 28913 | Swamp:3  | Reached skill level 10 in Throwing
 28976 | Swamp:3  | Paralysed by a fenstrider witch for 2 turns
 29427 | Swamp:3  | Received a gift from Okawaru
 29428 | Swamp:3  | Noticed Roxanne
 29457 | Swamp:3  | Killed Roxanne
 29783 | Swamp:3  | Found an opulent altar of Gozag.
 29789 | Swamp:3  | Reached skill level 15 in Fighting
 29881 | Swamp:4  | Entered Level 4 of the Swamp
 30099 | Swamp:4  | Noticed a thorn hunter
 30118 | Swamp:4  | Killed a thorn hunter
 30418 | Swamp:4  | Noticed Louise
 30428 | Swamp:4  | Killed Louise
 30429 | Swamp:4  | Reached XP level 17. HP: 102/156 MP: 16/16
 31723 | Swamp:4  | Noticed the 27-headed Lernaean hydra
 33329 | Swamp:4  | Killed the 26-headed Lernaean hydra
 33520 | Swamp:4  | Received a gift from Okawaru
 34323 | Swamp:4  | Got a decaying rune of Zot
 34643 | Vaults:1 | Entered Level 1 of the Vaults
 34809 | Vaults:1 | Noticed a lich
 34826 | D:13     | Blown up by a lich

Illustrated notes

Levels and vault maps discovered:
D:1:      enne_arrival_octagon_isle, layout_loops_corners
D:2:      layout_rooms, basic_altar, uniq_robin
D:3:      layout_basic, hex_tiny, chequers_serial_rivers_micro_c,
          uniq_crazy_yiuf_cottage
D:4:      layout_basic, uniq_ijyb
D:5:      layout_loops_ring, grunt_temple_overflow_order_and_chaos_1,
          grunt_temple_overflow_open, lemuel_coloured_pillars_altar,
          ebering_ghost_reflecting_pool, lightli_church_of_beogh, uniq_duvessa
D:6:      layout_basic, minmay_temple_entry_junction_2, uniq_menkaure,
          uniq_eustachio, uniq_sigmund
D:7:      layout_basic, demons_altar, grunt_decor_resistance, minmay_door_square
D:8:      layout_basic, gup_ossuary_entry_pyramid, grunt_ministairs_8
D:9:      minmay_gate_of_8, layout_long_grid, david_orc_2
D:10:     layout_loops_ring, jmf_multi_god_temple, lemuel_tele_altar,
          okawaru_altar_gauntlet_db, dpeg_lair_monsters, roderic_batcave
D:11:     layout_long_grid
D:12:     layout_cave_pools, special_room [special_room_bee], st_stairs_8,
          minmay_fountain_box, kennysheep_opposing_triangles, uniq_frances
D:13:     layout_irregular_city, david_vaults_5, chequers_serial_rivers_micro_c,
          minmay_protected_statue
Temple:   hc_temple_tempest_star
Lair:1:   layout_layer_cave, grunt_megastairs_1
Lair:2:   nzn_winding_woodlands_huge [nzn_winding_woodlands_5x15_cabin,
          nzn_winding_woodlands_5x15_crooked, nzn_winding_woodlands_5x15_pool,
          nzn_winding_woodlands_5x15_longhouse,
          nzn_winding_woodlands_5x15_split_checker,
          nzn_winding_woodlands_5x15_garden, nzn_winding_woodlands_5x15_jagged,
          nzn_winding_woodlands_5x15_zeroes, nzn_winding_woodlands_5x15_parted,
          nzn_winding_woodlands_5x15_river_crossing,
          nzn_winding_woodlands_center_lodge,
          nzn_winding_woodlands_center_diamonds,
          nzn_winding_woodlands_15x15_boxy_spiral], layout_small_grid,
          swamp_mist
Lair:3:   layout_regular_city, guppyfry_snake_entry_island,
          serial_bayou_shore_b, uniq_snorg, uniq_nergalle
Lair:4:   layout_regular_city, gammafunk_ghost_wrathful_warriors,
          minmay_lair_oklob_chamber
Lair:5:   layout_regular_city, chequers_serial_rivers_room_b,
          kennysheep_rathole, grunt_megastairs_4, serial_bayou_shore_a,
          lemuel_fruit_fields
Lair:6:   evil_forest, layout_hall_layers, minmay_slime_entry_oklob_enclosed,
          lemuel_fruit_fields
Swamp:1:  layout_falls_marsh, nicolae_swamp_tree_isthmus,
          nicolae_swamp_nymph_family_reunion
Swamp:2:  layout_falls_marsh, nicolae_swamp_ascending_descending
Swamp:3:  layout_falls_marsh, nicolae_swamp_godswood, infiniplex_staircase_pool,
          uniq_roxanne
Swamp:4:  swamp_old_school, layout_basic_swamp, uniq_louise
Orc:1:    gammafunk_beogh_shrine, layout_caves, basic_altar
Orc:2:    st_orc_town, layout_caves, basic_altar, abandoned_shop, uniq_nessos,
          uniq_sonja
Vaults:1: hangedman_vaults_hat, vaults_room_glass_cross,
          hangedman_vaults_impose, v_pattern_2, vaults_mumra_hexcomb,
          vaults_dpeg_hooks, nicolae_vaults_triangles,
          hangedman_vaults_restitches, vaults_room_door_ring,
          nicolae_vaults_network_square, ontoclasm_vaults_ring_large,
          layout_vaults_maze_snakey

Skill      XL: |  1  2  3  4  5  6  7  8  9 10 11 12 13 14 15 16 17 |
---------------+----------------------------------------------------+-----
Armour         | 4 5 6 7 8 9 10 11 12 | 12.5
Fighting       | 4 5 6 7 8 9 10 11 12 13 15 18 | 18.3
Shields        | 4 5 6 7 9 11 12 14 | 14.8
Axes           | 3 4 5 6 8 10 12 14 15 16 18 | 18.0
Dodging        | 1 2 3 4 5 6 13 15 | 15.3
Throwing       | 2 3 5 6 10 | 10.1
Stealth        | 1 2 |  2.2

Action                   |  1- 3 |  4- 6 |  7- 9 | 10-12 | 13-15 | 16-18 || total
-------------------------+-------+-------+-------+-------+-------+-------++-------
Melee: War axe           |    86 |   133 |   251 |       |       |       ||   470
       Headbutt          |     5 |    19 |    62 |    93 |   215 |   147 ||   541
       Broad axe         |       |       |    38 |   377 |   800 |   448 ||  1663
Throw: Boomerang         |       |       |    39 |       |    44 |       ||    83
       Javelin           |       |       |       |       |     2 |    70 ||    72
       Dart              |       |       |       |       |       |    11 ||    11
Invok: Heroism           |       |       |       |     1 |     1 |       ||     2
Evoke: Wand              |       |       |       |       |       |     1 ||     1
  Use: Scroll            |     1 |     4 |     9 |    13 |     8 |     3 ||    38
       Potion            |       |     1 |     4 |     3 |     8 |    17 ||    33
 Stab: Petrified         |       |       |       |       |     2 |       ||     2
       Distracted        |       |       |       |       |     1 |       ||     1
       Invisible         |       |       |       |       |       |     2 ||     2
Armor: Scale mail        |    49 |    62 |    64 |     3 |       |       ||   178
       Plate armour      |       |       |       |    74 |   281 |   252 ||   607
Dodge: Dodged            |    28 |    41 |   151 |    97 |   223 |   129 ||   669
Block: Kite shield       |    60 |    80 |   185 |   311 |   460 |       ||  1096
       Reflection        |       |       |       |    18 |    21 |    50 ||    89
       Tower shield      |       |       |       |       |   199 |   565 ||   764

Table legend: (Time is in decaauts)
 A = Elapsed time spent in this place.
 B = Non-inter-level travel time spent in this place.
 C = Inter-level travel time spent in this place.
 D = Time resting spent in this place.
 E = Time spent auto-exploring this place.
 F = Levels seen in this place.
 G = Mean time per level.
                   A        B        C        D        E       F      G
               +--------+--------+--------+--------+--------+-----+--------+
         Total |  34904 |  32307 |   2597 |   6709 |  20928 |  28 | 1246.6 |
       Dungeon |  15731 |  14930 |    801 |   2367 |  10384 |  13 | 1210.1 |
        Temple |    206 |    206 |      0 |      0 |    199 |   1 |  206.0 |
          Lair |   8793 |   7567 |   1226 |    691 |   5872 |   6 | 1465.5 |
         Swamp |   6875 |   6573 |    302 |   3072 |   2687 |   4 | 1718.8 |
  Orcish Mines |   2981 |   2716 |    265 |    579 |   1620 |   2 | 1490.5 |
        Vaults |    177 |    177 |      0 |      0 |     89 |   1 |  177.0 |
       Ossuary |    139 |    139 |      0 |      0 |     76 |   1 |  139.0 |
               +--------+--------+--------+--------+--------+-----+--------+

Top non-repeatable levels by time:
 Swamp:4: 3232 daAuts
  Lair:2: 2629 daAuts
   Orc:2: 2054 daAuts
  Lair:6: 1713 daAuts
     D:5: 1525 daAuts
 Swamp:3: 1489 daAuts
  Lair:1: 1460 daAuts
    D:11: 1456 daAuts
    D:13: 1416 daAuts
     D:7: 1335 daAuts
     D:3: 1335 daAuts
     D:9: 1283 daAuts
  Lair:4: 1215 daAuts
    D:12: 1155 daAuts
 Swamp:2: 1127 daAuts
